 Dungeon Crawl Stone Soup version 0.28.0 (webtiles) character file.

Game seed: 6605568774170728039

847 Torus the Slasher (level 8, -6/63 HPs)
             Began as a Ghoul Fighter on Feb 12, 2022.
             Mangled by an ice beast (14 damage)
             ... on level 5 of the Dungeon.
             The game lasted 00:08:22 (4248 turns).

Torus the Slasher (Ghoul Fighter)                   Turns: 4248, Time: 00:08:23

Health: -6/63      AC:  7    Str: 25    XL:     8   Next: 0%
Magic:  7/7        EV: 10    Int:  5    God:
Gold:   191        SH:  0    Dex: 13    Spells: 7/7 levels left

rFire   . . .      SeeInvis .   a - +1 long sword
rCold   . . .      Faith    .   c - +0 buckler
rNeg    + + +      Spirit   .   A - +1 robe "Baoqifer" {rC- Str+5 Dex+5}
rPois   ∞          Reflect  .   (no helmet)
rElec   .          Harm     .   g - +2 cloak
rCorr   +          Rampage  .   i - +0 pair of gloves
Will    .....                   (no boots)
Stlth   +.........              (no amulet)
HPRegen 0.00/turn               w - ring of resist corrosion
MPRegen 0.10/turn               (no ring)

@: confused, ambrosia-drunk, inhibited regen
A: claws 1, cold resistance 1, negative energy resistance 3, inhibited
regeneration, torment resistance 2
a: no special abilities


You were on level 5 of the Dungeon.
You visited 1 branch of the dungeon, and saw 5 of its levels.

You collected 191 gold pieces.

Inventory:

Hand Weapons
 a - a +1 long sword (weapon)
 b - a +2 hunting sling of flaming
Missiles
 k - 2 throwing nets
 l - 88 stones (quivered)
 m - 45 sling bullets
 p - 37 arrows
 r - 28 bolts
 s - 7 boomerangs
 v - 4 poisoned darts
Armour
 c - a +0 buckler (worn)
 g - a +2 cloak (worn)
 i - a +0 pair of gloves (worn)
 q - a +0 scale mail
 A - the +1 robe "Baoqifer" (worn) {rC- Str+5 Dex+5}
   (You found it on level 5 of the Dungeon)

   Str:       It affects your strength (+5).
   Dex:       It affects your dexterity (+5).
   rC:        It makes you vulnerable to cold.
Jewellery
 e - an amulet of magic regeneration
 w - a ring of resist corrosion (left hand)
Wands
 n - a wand of polymorph (10)
 y - a wand of acid (2)
Scrolls
 j - 2 scrolls of identify
 o - 2 scrolls of fear
 t - a scroll of teleportation
 x - a scroll of amnesia
Potions
 d - a potion of might
 h - a potion of haste
 u - a potion of resistance
 z - a potion of flight {unknown}


   Skills:
 - Level 3.2 Fighting
 * Level 7.3 Long Blades
 + Level 3.3 Slings
 - Level 2.6 Armour
 - Level 2.6 Shields


You had 7 spell levels left.
You didn't know any spells.
Your spell library contained the following spells:

 Spells                   Type           Power      Damage    Failure   Level
 Freeze                   Ice            0%         1d3       56%         1
 Confusing Touch          Hex            0%         N/A       91%         3
 Dazzling Flash           Conj/Hex       0%         N/A       91%         3
 Iskenderun's Mystic Bla  Conj/Tloc      0%         2d3       100%        4
 Metabolic Englaciation   Hex/Ice        0%         N/A       100%        5
 Yara's Violent Unravell  Hex/Tmut       0%         3d3       100%        5
 Starburst                Conj/Fire      0%         6d3       100%        6
 Enfeeble                 Hex            0%         N/A       100%        7
 Polar Vortex             Ice            0%         N/A       100%        9
 Ice Form                 Ice/Tmut       Unusable   N/A       N/A         4

Dungeon Overview and Level Annotations

Branches:
Dungeon (5/15)
 Temple: D:4-7

Altars:
Gozag

Shops:
D:2 (


Innate Abilities, Weirdness & Mutations

You thrive by killing the living.
You are immune to poison.
You have sharp fingernails.
Your flesh is cold resistant. (rC+)
You are immune to negative energy. (rN+++)
You do not regenerate when monsters are visible.
You are immune to unholy pain and torment.


Message History

The ice beast hits you. The ice beast freezes you!
Your +2 hunting sling of flaming stops flaming.
a - a +1 long sword (weapon)
You hit the ice beast but do no damage.
The ice beast is lightly wounded.
You block the ice beast's attack.
You hit the ice beast.
The ice beast is lightly wounded.
The ice beast hits you but does no damage.
You slash the ice beast!
The ice beast is heavily wounded.
The ice beast hits you. The ice beast freezes you!
You hit the ice beast but do no damage.
The ice beast is heavily wounded.
The ice beast hits you but does no damage.
You closely miss the ice beast.
The ice beast is heavily wounded.
The ice beast hits you but does no damage.
You hit the ice beast but do no damage.
The ice beast is heavily wounded.
The ice beast closely misses you.
The ice beast hits you but does no damage.
You closely miss the ice beast.
The ice beast is heavily wounded.
The ice beast hits you but does no damage.
You hit the ice beast but do no damage.
The ice beast is heavily wounded.
The ice beast misses you.
You barely miss the ice beast.
The ice beast is heavily wounded.
The ice beast hits you. The ice beast freezes you!
You hit the ice beast.
The ice beast is severely wounded.
The ice beast hits you but does no damage.
You hit the ice beast.
The ice beast is severely wounded.
You block the ice beast's attack.
You are confused.
You feel invigorated. The ice beast hits you. The ice beast freezes you!
You die...

##Y####.#
#..@....#
#.......#
#.......#
#.......#
#.......#
#.......#
#####...#
##..#


You could see an ice beast and a scorpion zombie.

Vanquished Creatures
  A water moccasin (D:5)
  An ice beast (D:5)
  An ogre (D:4)
  A scorpion (D:5)
  A howler monkey (D:5)
  2 centaur skeletons (D:5)
  2 hounds (D:4)
  2 jellies
  A gnoll shaman (D:3)
  Jessica (D:2)
  An iguana (D:5)
  Ijyb (D:5)
  A scorpion zombie (D:5)
  5 gnolls (D:3)
  4 adders
  An ufetubus (D:5)
  An adder skeleton (D:4)
  A worm (D:2)
  A dart slug (D:1)
  4 orcs (D:4)
  7 endoplasms
  2 giant cockroaches
  2 goblins
  8 hobgoblins
  4 jackals (D:1)
  3 quokkas
  9 ball pythons
  6 bats
  7 frilled lizards
  3 kobolds
  7 rats
91 creatures vanquished.

Vanquished Creatures (others)
  7 plants (D:3)
7 creatures vanquished.

Grand Total: 98 creatures vanquished

Notes
Turn   | Place    | Note
-------+----------+-------------------------------------------
     0 | D:1      | Torus the Ghoul Fighter began the quest for the Orb.
     0 | D:1      | Reached XP level 1. HP: 19/19 MP: 0/0
    22 | D:1      | Reached skill level 2 in Long Blades
   292 | D:1      | Reached XP level 2. HP: 26/26 MP: 1/1
   504 | D:1      | Reached skill level 3 in Long Blades
   507 | D:1      | Reached XP level 3. HP: 31/31 MP: 2/2
  1011 | D:1      | Found a faded altar of an unknown god.
  1048 | D:2      | Found Owomaex's Antique Weapon Shop.
  1470 | D:2      | Reached XP level 4. HP: 38/38 MP: 3/3
  1600 | D:2      | Found an opulent altar of Gozag.
  1601 | D:2      | Noticed Jessica
  1609 | D:2      | Killed Jessica
  1610 | D:2      | Reached skill level 4 in Long Blades
  1892 | D:3      | Reached XP level 5. HP: 29/45 MP: 4/4
  1913 | D:3      | Reached skill level 5 in Long Blades
  2767 | D:4      | Noticed an ogre
  2771 | D:4      | Killed an ogre
  2772 | D:4      | Reached skill level 1 in Slings
  2772 | D:4      | Reached XP level 6. HP: 51/51 MP: 5/5
  2910 | D:4      | Got the Catalogue of Cold
  3334 | D:4      | Identified the +8 spear of the Protecting Priest {holy,
                  | rElec}
  3501 | D:5      | Entered Level 5 of the Dungeon
  3504 | D:5      | Reached skill level 6 in Long Blades
  3528 | D:5      | Reached XP level 7. HP: 46/57 MP: 6/6
  3818 | D:5      | Reached skill level 7 in Long Blades
  4154 | D:5      | Noticed Ijyb
  4164 | D:5      | Killed Ijyb
  4182 | D:5      | Identified the +1 robe "Baoqifer" {rC- Str+5 Dex+5}
  4230 | D:5      | Reached XP level 8. HP: 61/63 MP: 7/7
  4248 | D:5      | Mangled by an ice beast

Illustrated notes

Levels and vault maps discovered:
D:1:      evilmike_arrival_plus, layout_loops_corners,
          hellmonk_ecumenical_altar_inner_sanctum
D:2:      layout_basic, serial_shops, shop_statue, basic_altar, uniq_jessica
D:3:      layout_basic, minmay_misc_feat_square, minmay_misc_feat_encased,
          minmay_misc_feat_room, amcnicky_mini_corridor_feature,
          nicolae_grassy_gnolls
D:4:      layout_basic, minmay_misc_feat_tower
D:5:      layout_basic, serial_shops, shop_fountains, uniq_ijyb

Skill      XL: |  1  2  3  4  5  6  7 |
---------------+----------------------+-----
Long Blades    | 2 3 4 5 6 7 |  7.3
Slings         | 1 2 3 |  3.3
Fighting       | |  3.2
Armour         | |  2.6
Shields        | |  2.6

Action                   |  1- 3 |  4- 6 |  7- 9 || total
-------------------------+-------+-------+-------++-------
Melee: Long sword        |   126 |    27 |    26 ||   179
 Fire: Hunting sling     |       |   118 |    60 ||   178
  Use: Scroll            |     5 |     9 |       ||    14
       Potion            |       |       |     1 ||     1
Armor: Scale mail        |    66 |    36 |    21 ||   123
       Robe              |       |       |     9 ||     9
Dodge: Dodged            |    63 |    30 |    26 ||   119
Block: Buckler           |    29 |    19 |     8 ||    56
